 Dungeon Crawl Stone Soup version bcrawl-1.37.2 (webtiles) character file.

Game seed: 4656518105035255863

167739 Mehrunes the Sneak (level 7, -11/41 HPs)
             Began as an Octopode Earth Elementalist on Nov 15, 2022.
             Mangled by an ice beast (19 damage)
             ... on level 5 of the Dungeon.
             The game lasted 00:08:01 (4832 turns).

Mehrunes the Sneak (Octopode Earth Elementalist)    Turns: 4832, Time: 00:08:01

Health: -11/41     AC:  1    Str:  8      XL:     7   Next: 40%
Magic:  5/12       EV: 13    Int: 19      God:
Gold:   316        SH:  0    Dex: 11 (12) Spells: 5/13 levels left

rFire    + . .     GDR:     23% l - +1 dagger (holy)
rCold    x . .     SeeInvis .   (no shield)
rNeg     . . .     Gourm    .   (helmet restricted)
rPois    .         Faith    +   (cloak restricted)
rElec    .         Spirit   .   m - amulet of faith
rCorr    .         Reflect  .   a - ring of fire
MR       .....                  (no ring)
Stlth    ++++......             (no ring)
HPRegen  0.16/turn              (no ring)
MPRegen  0.13/turn              (no ring)
                                (no ring)
                                (no ring)
                                (no ring)

@: about to teleport
A: almost no armour, stealthy swim, resist paralysis, amphibious, 8 rings,
constrict 8, camouflage 1, gelatinous body 1
a: no special abilities


You were on level 5 of the Dungeon.
You were hungry.

You visited 1 branch of the dungeon, and saw 5 of its levels.

You collected 316 gold pieces.

Inventory:

Hand Weapons
 h - a +0 dagger
 l - a +1 dagger of holy wrath (weapon)
Missiles
 b - 980 stones (quivered)
Armour
 k - a +0 buckler
Jewellery
 a - a ring of fire (left tentacle)
 m - an amulet of faith (around mantle)
 u - an uncursed amulet of the gourmand {unknown}
Scrolls
 d - a scroll of enchant armour
 g - a scroll of enchant weapon
 i - 2 scrolls of identify
 o - 3 scrolls of teleportation
 t - a scroll of remove curse {unknown}
 v - a scroll of noise {unknown}
Potions
 c - 4 potions of curing
 f - a potion of cancellation {unknown}
 j - a potion of haste {unknown}
 n - 3 potions of heal wounds {unknown}
 p - a potion of mutation {unknown}
 q - a potion of might {unknown}
 r - a potion of brilliance {unknown}
 s - 2 potions of lignification {unknown}
Comestibles
 e - 5 rations {!d}


   Skills:
 - Level 2.0 Dodging
 + Level 6.1 Stealth
 - Level 1.0 Unarmed Combat
 + Level 3.8 Spellcasting
 + Level 2.7 Conjurations
 + Level 3.0 Transmutations
 + Level 4.7 Earth Magic


You had 5 spell levels left.
You knew the following spells:

 Your Spells              Type           Power        Failure   Level  Hunger
a - Sandblast             Erth           ###...       1%          1    None
b - Stone Arrow           Conj/Erth      ###...       9%          3    ###....
c - Petrify               Tmut/Erth      ###.......   28%         4    #####..

Your spell library contained the following spells:

 Spells                   Type           Power        Failure   Level  Hunger
 Passwall                 Tmut/Erth      ###.....     4%          2    None
 Lee's Rapid Deconstruct  Erth           ###.......   50%         5    ######.


Dungeon Overview and Level Annotations

Branches:
Dungeon (5/12)
 Temple: D:4-7

Altars:
Okawaru
Xom

Shops:
D:4 (*=

Annotations:
D:3 1 runed translucent door, yrara's ghost, amateur DsFi
D:5 exclusions: ogre and 14 more exclusions


Innate Abilities, Weirdness & Mutations

You cannot wear most types of armour.
You are very stealthy in the water. (Stealth+)
Your unusual nervous system resists paralysis.
You are amphibious.
You can wear up to eight rings at the same time.
You can use your tentacles to constrict eight enemies at once.
Your skin changes colour to match your surroundings (Stealth+).
Your rubbery body absorbs attacks. (AC +1, EV +1)


Message History

The orc wizard misses you. The orc wizard closely misses you.
You aren't carrying any items that you can evoke.
Unknown command.
Casting: Petrify (quite dangerous; 28% risk of failure)
Confirm with . or Enter, or press ? or * to list all spells.
Aiming: Sandblast (safe; 1% risk of failure)
Press: ? - help, Shift-Dir - straight line, f - orc wizard
Aim: an orc wizard, wielding a +0 dagger and wearing a +0 robe (heavily wounded, fast)
The blast of sand hits the orc wizard!!
You kill the orc wizard!
b - 980 stones A crimson imp comes into view.
Okay, then.
Okay, then.
As you read the scroll of teleportation, it crumbles to dust.
You feel strangely unstable. The ice beast hits you.
* * * LOW HITPOINT WARNING * * *
The ice beast freezes you!!
You feel a terrible chill!
You die...

...........#
#..###.#
...........#
#......#
##.##### ###
#.# .. #)#
##5# #.# #...
#.#
#...########.#
#...@Y.......#
##?.##########
###


You could see an ice beast and a crimson imp.

Vanquished Creatures
  A phantom (D:4)
  An ogre (D:4)
  A scorpion (D:4)
  A hound (D:5)
  A quasit (D:4)
  An orc wizard (D:5)
  Natasha (thrice) (D:3)
  2 worker ants
  A worker ant zombie (D:4)
  An adder (D:2)
  An ooze (D:2)
  5 worms
  A dart slug (D:3)
  6 leopard geckos
  15 orcs
  2 ball pythons
  6 bats
  5 giant cockroaches
  7 goblins
  7 hobgoblins
  8 jackals
  4 quokkas
  A frilled lizard (D:3)
  12 kobolds
  7 rats
100 creatures vanquished.

Notes
Turn   | Place    | Note
-------+----------+-------------------------------------------
     0 | D:1      | Mehrunes the Octopode Earth Elementalist began the quest
                  | for the Orb.
     0 | D:1      | Reached XP level 1. HP: 11/11 MP: 3/3
   214 | D:1      | Reached XP level 2. HP: 17/17 MP: 3/5
   654 | D:1      | Reached XP level 3. HP: 21/21 MP: 3/6
   673 | D:1      | Learned a level 3 spell: Stone Arrow
  1111 | D:2      | Reached skill level 4 in Stealth
  1371 | D:2      | Reached XP level 4. HP: 27/27 MP: 8/8
  1380 | D:2      | Learned a level 4 spell: Petrify
  2141 | D:3      | Found a shimmering altar of Xom.
  2142 | D:3      | Found a shimmering altar of Xom.
  2156 | D:3      | Found a runed translucent door.
  2157 | D:3      | Noticed yrara's ghost (amateur DsFi)
  2418 | D:3      | Noticed Natasha
  2424 | D:3      | Killed Natasha
  2425 | D:3      | Reached skill level 1 in Conjurations
  2425 | D:3      | Reached XP level 5. HP: 15/31 MP: 9/9
  2545 | D:3      | Noticed Natasha
  2552 | D:3      | Killed Natasha
  2641 | D:3      | Noticed Natasha
  2646 | D:3      | Killed Natasha
  2687 | D:3      | Reached skill level 5 in Stealth
  2897 | D:3      | Found a runed door.
  2961 | D:3      | Found a shimmering altar of Xom.
  2963 | D:3      | Found a shimmering altar of Xom.
  2963 | D:3      | Found a shimmering altar of Xom.
  2963 | D:3      | Found a shimmering altar of Xom.
  3380 | D:4      | Reached XP level 6. HP: 33/36 MP: 10/10
  3438 | D:4      | Found an iron altar of Okawaru.
  3474 | D:4      | Found Gang's Jewellery Shop.
  3621 | D:4      | Found Kogafiz's General Store.
  3653 | D:4      | Found Yhufraf's Antique Weapon Boutique.
  4231 | D:4      | Noticed a phantom
  4254 | D:4      | Killed a phantom
  4255 | D:4      | Reached XP level 7. HP: 26/41 MP: 8/12
  4377 | D:5      | Entered Level 5 of the Dungeon
  4561 | D:5      | Reached skill level 6 in Stealth
  4832 | D:5      | Mangled by an ice beast

Skill      XL: |  1  2  3  4  5  6  7 |
---------------+----------------------+-----
Stealth        | 4 5 6 |  6.1
Conjurations   | 1 2 |  2.7
Spellcasting   | 3 |  3.8
Earth Magic    | 4 |  4.7
Transmutations | 2 3 |  3.0
Dodging        | |  2.0
Unarmed Combat | |  1.0

Action                   |  1- 3 |  4- 6 |  7- 9 || total
-------------------------+-------+-------+-------++-------
Melee: Unarmed           |    11 |       |       ||    11
       Constrict         |     5 |    31 |     3 ||    39
       Tentacles         |     6 |    22 |     3 ||    31
       Dagger            |    14 |   131 |    20 ||   165
 Cast: Sandblast         |    36 |    22 |     5 ||    63
       Petrify           |       |     1 |     2 ||     3
  Use: Scroll            |       |     4 |     1 ||     5
 Stab: Sleeping          |     4 |    13 |     2 ||    19
       Petrified         |       |     5 |       ||     5
  Eat: Chunk             |     3 |    12 |     3 ||    18
Armor: Skin              |     5 |     4 |     2 ||    11
Dodge: Dodged            |    11 |    74 |    16 ||   101
